 Dungeon Crawl Stone Soup version 0.18-a0-1788-g92de1ac (webtiles) character file.

43005 dobroeutro the Fighter (level 14, -7/94 HPs)
             Began as a Gargoyle Fighter on Apr 19, 2016.
             Was a High Priest of Okawaru.
             Killed from afar by a fire dragon (18 damage)
             ... with a blast of flame
             ... on level 4 of the Lair of Beasts.
             The game lasted 00:46:49 (20155 turns).

dobroeutro the Fighter (Gargoyle Fighter)          Turns: 20155, Time: 00:46:50

Health: -7/94      AC: 46    Str: 18    XL:     14   Next: 22%
Magic:  0/15       EV: 11    Int: 11    God:    Okawaru [*****.]
Gold:   310        SH: 18    Dex: 12    Spells: 0 memorised, 13 levels left

rFire  . . .     SeeInvis +     A - +2 mace (protect)
rCold  . . .     Gourm    .     F - +7 chain mail "Lithycaff" {Dex+2 Slay+3}
rNeg   + . .     Faith    .     c - +1 shield
rPois  ∞         Spirit   +     h - +0 hat {Spirit}
rElec  +         Dismiss  .     i - +0 cloak
rCorr  .         Reflect  .     Z - +0 pair of gloves
SustAt .         Harm     .     q - +0 pair of boots
MR     +++..                    s - amulet of rage
Stlth  ..........               D - +3 ring of protection
                                w - ring of see invisible

@: heroism, extremely resistant to hostile enchantments, extremely unstealthy
A: big wings, claws 2, large bone plates 1, high mp 1, magic resistance 2,
negative energy resistance 1, screaming 2, electricity resistance, weak 2, wild
magic 1, unbreathing, petrification resistance, rot immunity, sturdy frame 1, AC
+9
a: Fly, Heroism, Finesse, Renounce Religion, Evoke Berserk Rage


You were on level 4 of the Lair of Beasts.
You worshipped Okawaru.
Okawaru was extremely pleased with you.
You were hungry.

You visited 3 branches of the dungeon, and saw 18 of its levels.
You also visited: Labyrinth.

You collected 1132 gold pieces.
You spent 822 gold pieces at shops.

Inventory:

Hand Weapons
 a - a +1 flail
 A - a +2 mace of protection (weapon)
Missiles
 K - 8 poisoned javelins (quivered)
Armour
 c - a +1 shield (worn)
 h - a +0 hat of spirit shield (worn)
 i - a +0 cloak (worn)
 q - a +0 pair of boots (worn)
 F - the +7 chain mail "Lithycaff" (worn) {Dex+2 Slay+3}
   (You bought it in a shop on level 8 of the Dungeon)

   It affects your dexterity (+2).
   It affects your accuracy and damage with ranged weapons and melee attacks
   (+3).
 Z - a +0 pair of gloves (worn)
Jewellery
 s - an amulet of rage (around neck)
 w - a ring of see invisible (left hand)
 D - a +3 ring of protection (right hand)
 R - an uncursed ring of resist corrosion
Wands
 b - a wand of enslavement (12/24)
 t - a wand of acid (6/15)
 x - a wand of digging (16/24)
 B - a wand of acid (12/15)
 C - a wand of iceblast (10/15)
 J - a wand of slowing (24/48)
 Q - a wand of disintegration (5/24)
 U - a wand of random effects (29/48)
 W - a wand of paralysis (13/24)
Scrolls
 g - a scroll of acquirement {unknown}
 j - a scroll of enchant weapon
 k - a scroll of magic mapping
 l - a scroll of fear
 p - 18 scrolls of identify
 y - a scroll of enchant armour
 E - 2 scrolls of recharging
 G - a scroll of summoning
 O - 5 scrolls of remove curse
 P - 3 scrolls of fog
 S - a scroll of brand weapon {unknown}
 T - 2 scrolls of amnesia {unknown}
 X - 2 scrolls of teleportation {unknown}
Potions
 d - 4 potions of might
 e - a potion of resistance {unknown}
 m - 7 potions of flight
 n - a potion of curing
 r - a potion of berserk rage {unknown}
 v - 2 potions of agility {unknown}
 H - 3 potions of lignification {unknown}
 I - a potion of haste
 L - 8 potions of degeneration
 V - a potion of magic {unknown}
Books
 o - the Volume of Malediction
   (You found it in a labyrinth)

   Spells                             Type                      Level
   a - Corona                         Hexes                        1
   b - Inner Flame                    Hexes/Fire                   3
   c - Silence                        Hexes/Air                    5
   d - Yara's Violent Unravelling     Hexes/Transmutation          5
   e - Darkness                       Hexes                        6
   f - Invisibility                   Hexes                        6
Comestibles
 f - 8 bread rations
 u - 5 meat rations
 z - 6 beef jerkies
 M - 19 fruits
 N - 3 chunks of flesh


   Skills:
 + Level 13.5(18.5) Fighting
 + Level 12.1(17.1) Maces & Flails
 + Level 13.4(18.4) Armour
 + Level 13.4(18.4) Shields


You had 13 spell levels left.
You didn't know any spells.

Dungeon Overview and Level Annotations

Branches:
Dungeon (13/15)            Temple (1/1) D:7            Lair (4/8) D:8
 Shoals (0/4) Lair:4          Orc (0/2) D:9
  Snake: Lair:3-6    Spider: Lair:3-6    Vaults: D:13-14

Altars:
Ashenzari
Cheibriados
Dithmenos
Gozag
Kikubaaqudgha
Okawaru
Pakellas
Ru
Sif Muna
Xom
Zin
The Shining One

Shops:
D:8 [

Annotations:
Lair:4 exclusion: 2 oklob plants, Sonja


Innate Abilities, Weirdness & Mutations

You are resistant to torment.
Your stone body is resilient (AC +9).
You are immune to poison.
Your large and strong wings let you fly indefinitely.
You resist negative energy.
You are resistant to electric shocks.
You can survive without breathing.
You are immune to petrification.
You are immune to rotting.
You have very sharp fingernails.
You are partially covered in large bone plates (AC +2, SH +2).
You have an increased reservoir of magic (+10% MP).
You are highly resistant to hostile enchantments.
You sometimes yell uncontrollably at your foes.
You are very weak. (Str -4)
Your spells are a little harder to cast, but a little more powerful.
Your movements are slightly less encumbered by armour (ER -2).


Message History

You are feeling hungry.
The fire dragon breathes flames at you. The blast of flame hits you!
* * * LOW HITPOINT WARNING * * *
Drink which item? (? for menu, Esc to quit)
You feel better.
You are engulfed in a cloud of scalding steam.
The fire dragon bites you but does no damage.
You block the fire dragon's attack. The fire dragon barely misses you.
You hit the fire dragon.
The fire dragon is lightly wounded.
You are engulfed in a cloud of scalding steam.
Your unstable footing causes you to fumble your attack.
The fire dragon bites you but does no damage.
The fire dragon claws you but does no damage.
The fire dragon tramples you but does no damage.
Your unstable footing causes you to fumble your attack.
The fire dragon breathes flames at you. The blast of flame hits you!
You die...

### # ######### #
####...≈≈≈≈# ######
##.......≈≈≈##
.....#####%.......≈≈≈≈##
####.............≈≈≈≈≈≈#
#####.........≈≈≈≈$$#
###....).≈D≈..$$}
##....†@≈....!|
###..≈≈≈≈....!
############


You could see a fire dragon.

Vanquished Creatures
  Maud (Lair:4)
  Snorg (Lair:4)
  A minotaur (Lab)
  A hydra (D:12)
  3 death yaks (Lair:4)
  Erica (D:10)
  The ghost of RexLacerta the Blocker, a novice HOFi of Ru (Lair:1)
  3 skeletal warriors
  An unseen horror (D:12)
  5 hill giants
  Pikel (D:7)
  2 deep elf magi (D:12)
  3 cyclopes
  4 ugly things (D:12)
  5 elephants
  A black mamba (Lair:2)
  8 spiny frogs
  A rime drake (Lair:2)
  3 komodo dragons
  5 trolls
  A two-headed ogre (D:11)
  17 blink frogs
  A polar bear (Lair:4)
  8 slime creatures
  A vampire (D:11)
  20 yaks
  A wraith (D:12)
  2 wyverns
  A basilisk (Lair:4)
  7 hippogriffs
  A steam dragon (Lair:4)
  A mottled dragon (D:13)
  5 water moccasins
  9 porcupines
  A swamp drake (D:9)
  5 sky beasts
  10 ice beasts
  5 orc warriors
  An eye of draining (D:11)
  A wasp (D:12)
  2 black bears
  A necrophage (D:7)
  2 phantoms
  3 ogres
  7 wolves
  13 centaurs
  12 crocodiles
  4 big kobolds
  10 giant frogs
  A gnoll sergeant (D:8)
  A wyvern skeleton (D:12)
  10 scorpions
  11 killer bees
  17 wights
  5 electric eels
  4 howler monkeys (D:7)
  4 crimson imps
  A centaur zombie (D:8)
  2 giant frog zombies
  6 jellies
  2 quasits
  6 iguanas
  4 orc priests
  3 giant frog skeletons
  11 hounds
  5 orc wizards
  A centaur skeleton (D:9)
  Ijyb (D:2)
  Natasha (thrice) (D:3)
  5 hell rats (Lair:4)
  7 worker ants
  8 sheep (Lair:1)
  4 hound skeletons
  Robin (D:2)
  4 gnolls (D:8)
  2 howler monkey skeletons
  8 adders
  3 shadow imps
  An adder skeleton (D:10)
  A worm (D:6)
  4 dart slugs
  2 giant geckos (D:1)
  39 orcs
  A ball python (D:1)
  7 bats
  8 giant cockroaches
  18 hobgoblins
  5 jackals
  23 kobolds
  4 quokkas
  A giant gecko skeleton (D:5)
  5 giant newts
  18 goblins
  A jackal skeleton (D:6)
  7 rats
  6 plants (Lair:1)
494 creatures vanquished.

Vanquished Creatures (collateral kills)
  An orc priest (D:12)
1 creature vanquished.

Vanquished Creatures (others)
  A slave (D:7)
  A wight (D:7)
  2 orc wizards
  3 orcs
  A bush (Lair:4)
  2 fungi
  A plant (Lair:4)
11 creatures vanquished.

Grand Total: 506 creatures vanquished

Notes
Turn   | Place    | Note
--------------------------------------------------------------
     0 | D:1      | dobroeutro the Gargoyle Fighter began the quest for the Orb.
     0 | D:1      | Reached XP level 1. HP: 14/14 MP: 1/1
   115 | D:1      | Reached XP level 2. HP: 19/19 MP: 2/2
   470 | D:1      | Reached XP level 3. HP: 24/24 MP: 3/3
  1061 | D:2      | Noticed Ijyb
  1082 | D:2      | Killed Ijyb
  1082 | D:2      | Reached XP level 4. HP: 25/29 MP: 4/4
  1208 | D:2      | Noticed Robin
  1245 | D:2      | Killed Robin
  1525 | D:2      | Found a shimmering altar of Xom.
  1525 | D:2      | Found a shattered altar of Ashenzari.
  1633 | D:3      | Reached XP level 5. HP: 33/33 MP: 5/5
  1681 | D:3      | Noticed a sky beast
  1719 | D:3      | Killed a sky beast
  1949 | D:3      | Reached XP level 6. HP: 39/39 MP: 6/6
  2284 | D:3      | Reached skill level 5 in Fighting
  2417 | D:3      | Noticed Natasha
  2423 | D:3      | Killed Natasha
  2461 | D:3      | Noticed Natasha
  2468 | D:3      | Killed Natasha
  2468 | D:3      | Reached skill level 5 in Armour
  2468 | D:3      | Reached skill level 5 in Shields
  2631 | D:3      | Noticed Natasha
  2644 | D:3      | Killed Natasha
  2778 | D:4      | HP: 1/40 [ogre/giant spiked club (21)]
  2796 | D:4      | Reached XP level 7. HP: 22/44 MP: 7/7
  2968 | D:4      | Found an oddly glowing altar of Pakellas.
  3434 | D:5      | Entered Level 5 of the Dungeon
  3685 | D:5      | Reached XP level 8. HP: 35/51 MP: 8/8
  4260 | D:6      | Got a faintly glowing ring mail
  4271 | D:6      | Identified the +1 ring mail of Paranoia {Slay+2} (You found it on level 6 of the Dungeon)
  4497 | D:6      | Reached skill level 5 in Maces & Flails
  4719 | D:6      | Noticed a hill giant
  4883 | D:7      | Found a staircase to the Ecumenical Temple.
  4894 | Temple   | Entered the Ecumenical Temple
  5014 | D:7      | Noticed Pikel
  5040 | D:7      | Reached XP level 9. HP: 55/57 MP: 9/9
  5063 | D:7      | Paralysed by Pikel for 7 turns
  5074 | D:7      | Paralysed by Pikel for 4 turns
  5084 | D:7      | Killed Pikel
  5279 | D:7      | Found an ancient bone altar of Kikubaaqudgha.
  5530 | D:7      | Found a sacrificial altar of Ru.
  5804 | D:7      | Found an iron altar of Okawaru.
  6022 | D:8      | Reached XP level 10. HP: 30/64 MP: 10/10
  6201 | D:8      | Found a staircase to the Lair.
  6679 | D:8      | Found a glowing silver altar of Zin.
  6680 | D:8      | Found an opulent altar of Gozag.
  6797 | D:8      | Found Modwaacu's Armour Boutique.
  7585 | D:7      | Became a worshipper of Warmaster Okawaru
  7966 | D:9      | Found a staircase to the Orcish Mines.
  8173 | D:9      | Killed a hill giant
  8173 | D:9      | Reached * piety under Okawaru
  9184 | D:10     | Entered Level 10 of the Dungeon
  9230 | D:10     | Gained mutation: Your movements are slightly less encumbered by armour (ER -2). [mutagenic meat]
  9231 | D:10     | Gained mutation: You are partially covered in large bone plates (AC +2, SH +2). [mutagenic meat]
  9232 | D:10     | Gained mutation: You are resistant to hostile enchantments. [mutagenic meat]
  9233 | D:10     | Gained mutation: You are weak. (Str -2) [mutagenic meat]
  9234 | D:10     | Gained mutation: You have sharp fingernails. [mutagenic meat]
  9261 | D:10     | Noticed a hill giant
  9271 | D:10     | Killed a hill giant
  9271 | D:10     | Reached ** piety under Okawaru
  9271 | D:10     | Reached XP level 11. HP: 71/71 MP: 8/11
  9349 | D:10     | Noticed Erica
  9368 | D:10     | Killed Erica
  9368 | D:10     | Reached *** piety under Okawaru
  9368 | D:10     | Reached skill level 10 in Shields
  9435 | D:10     | Reached skill level 10 in Armour
  9676 | D:10     | Reached skill level 10 in Fighting
 10029 | D:10     | Noticed a hill giant
 10049 | D:10     | Killed a hill giant
 10212 | D:11     | Noticed a skeletal warrior
 10247 | D:11     | Killed a skeletal warrior
 10247 | D:11     | Reached **** piety under Okawaru
 10267 | D:11     | Noticed a skeletal warrior
 10268 | D:11     | Noticed a skeletal warrior
 10507 | D:10     | Killed a skeletal warrior
 10513 | D:10     | Killed a skeletal warrior
 10886 | D:11     | Noticed a cyclops
 10897 | D:11     | Killed a cyclops
 10897 | D:11     | Reached ***** piety under Okawaru
 11165 | D:11     | Gained mutation: You are frail (-10% HP). [mutagenic meat]
 11166 | D:11     | Gained mutation: You are partially covered in molten scales (AC +1). [mutagenic meat]
 11167 | D:11     | Lost mutation: You are partially covered in molten scales (AC +1). [mutagenic meat]
 11168 | D:11     | Gained mutation: You are highly resistant to hostile enchantments. [mutagenic meat]
 11403 | D:11     | Reached XP level 12. HP: 71/71 MP: 12/12
 11790 | D:12     | Noticed a five-headed hydra
 11796 | D:12     | Found a labyrinth entrance.
 11800 | Lab      | Entered a labyrinth
 12262 | Lab      | Noticed a minotaur
 12276 | Lab      | Killed a minotaur
 12310 | Lab      | Identified the Volume of Malediction
 12420 | D:12     | Reached skill level 10 in Maces & Flails
 12432 | D:12     | Gained mutation: You occasionally shout uncontrollably at your foes. [potion of mutation]
 12432 | D:12     | Gained mutation: You sometimes yell uncontrollably at your foes. [potion of mutation]
 12433 | D:12     | Gained mutation: You have very sharp fingernails. [potion of beneficial mutation]
 12434 | D:12     | Gained mutation: Your spells are a little harder to cast, but a little more powerful. [potion of beneficial mutation]
 13044 | D:12     | HP: 2/72 [tarantella[a deep elf mage] (2)]
 13065 | D:12     | Gained mutation: You are very weak. (Str -4) [potion of mutation]
 13065 | D:12     | Gained mutation: You have an increased reservoir of magic (+10% MP). [potion of mutation]
 13313 | D:12     | Received a gift from Okawaru
 13355 | D:12     | Identified Sif Muna's Compendium of Weightlessness and the Glacier
 13403 | D:12     | Killed a five-headed hydra
 14302 | D:12     | Lost mutation: You are frail (-10% HP). [mutagenic meat]
 14744 | D:12     | Reached XP level 13. HP: 76/86 MP: 12/14
 15558 | Lair:1   | Entered Level 1 of the Lair of Beasts
 15732 | Lair:1   | Noticed RexLacerta's ghost (novice HOFi)
 15785 | Lair:1   | Killed RexLacerta's ghost
 16893 | D:8      | Bought the +7 chain mail "Lithycaff" {Dex+2 Slay+3} for 822 gold pieces
 17095 | Lair:2   | Received a gift from Okawaru
 17098 | Lair:2   | Got a jewelled greatsling {god gift}
 17099 | Lair:2   | Identified the +2 greatsling of Fabikyj {flame, *Confuse rElec rC+ Stlth+} (Okawaru gifted it to you on level 2 of the Lair of Beasts)
 18947 | Lair:4   | Received a gift from Okawaru
 19116 | Lair:4   | Found a staircase to the Shoals.
 19266 | Lair:4   | Noticed Snorg
 19267 | Lair:4   | Gained mutation: Your large and strong wings let you fly indefinitely. [Gargoyle growth]
 19267 | Lair:4   | Reached XP level 14. HP: 49/94 MP: 9/15
 19693 | Lair:4   | Killed Snorg
 19741 | Lair:4   | Noticed Sonja
 19936 | Lair:4   | Noticed Maud
 19989 | Lair:4   | Killed Maud
 20138 | Lair:4   | Received a gift from Okawaru
 20151 | Lair:4   | HP: 2/94 [fire dragon/blast of flame (21)]
 20155 | Lair:4   | Killed from afar by a fire dragon

Vault maps used:
D:1:      minmay_arrival_solitary_statue, serial_glass, glass_columns_a,
          glass_columns_a
D:2:      gammafunk_temple_overflow_elements, first_bread, uniq_robin, uniq_iyjb
D:3:      kennysheep_the_goblin_king, uniq_natasha
D:4:      lemuel_round_altar
D:5:      serial_bayou_ford_a
D:6:      grunt_decor_cap, eino_tiny_chamber, kennysheep_minor_cross
D:7:      nicolae_overflow_hidden_temple, nicolae_overflow_crystal_walls,
          nicolae_ru_awakened_eye, minmay_temple_entry_statues_pillars,
          uniq_pikel
D:8:      grunt_temple_overflow_gold_and_silver, erik_lair_island, serial_shops,
          shop
D:9:      erik_orc_1
D:10:     uniq_erica
D:11:     portal_ice_cave_entry_ice_beasts
D:12:     lab_entry_generic
D:13:     blue_anna_alchemist
Temple:   zaba_magenta_temple_12
Lair:1:   wad_woods_river_01, grunt_megastairs_1, lemuel_fruit_tree
Lair:2:   grunt_megastairs_2, infiniplex_staircase_pool_2
Lair:4:   dragon1_lemuel, minmay_shoals_entry_centaurs, st_stairs_8,
          wad_woods_river_04, minmay_hedge_maze, disabler_island,
          lemuel_fruit_fields, uniq_snorg, uniq_sonja, uniq_maud
Lab:      nicolae_lab_dead_adventurers, nicolae_lab_stuck,
          labyrinth_skeletal_remains

Skill      XL: |  1  2  3  4  5  6  7  8  9 10 11 12 13 14 |
---------------+-------------------------------------------+-----
Armour         | 4 5 7 8 9 10 12 13 | 13.4
Shields        | 4 5 6 8 9 10 12 13 | 13.4
Fighting       | 4 5 7 8 9 10 12 13 | 13.5
Maces & Flails | 3 4 5 6 8 9 10 11 12 | 12.1

Action                   |  1- 3 |  4- 6 |  7- 9 | 10-12 | 13-15 || total
-------------------------+-------+-------+-------+-------+-------++-------
Melee: Flail             |   119 |   253 |   259 |       |       ||   631
       Mace              |       |       |   247 |  1286 |  1308 ||  2841
Throw: Javelin           |       |       |       |     3 |       ||     3
Invok: Heroism           |       |       |       |    13 |     7 ||    20
       Finesse           |       |       |       |       |     1 ||     1
 Abil: Evoke Berserk Rag |       |       |       |     2 |       ||     2
Evoke: Wand              |       |       |       |     2 |       ||     2
  Use: Potion            |       |     2 |       |    12 |     5 ||    19
       Scroll            |       |       |     9 |     6 |       ||    15
  Eat: Chunk             |     1 |     5 |     7 |    29 |    15 ||    57
       Meat ration       |       |       |     1 |     1 |       ||     2
       Pizza             |       |       |       |     3 |       ||     3
       Bread ration      |       |       |       |     1 |       ||     1
       Fruit             |       |       |       |       |     2 ||     2
       Beef jerky        |       |       |       |       |     2 ||     2
Armor: Scale mail        |    53 |   194 |   120 |       |       ||   367
       Ring mail         |       |       |   218 |   685 |   207 ||  1110
       Chain mail        |       |       |       |       |   484 ||   484
Dodge: Dodged            |    32 |    87 |   218 |   469 |   345 ||  1151
Block: Shield            |    60 |   152 |   347 |  1059 |  1043 ||  2661
